[Event "Najdorf Memorial-A 2022"]
[Site "Warsaw"]
[Date "2022.07.09"]
[Round "1.11"]
[White "Fiedorek, Michal"]
[Black "Stachecki, Mikolaj"]
[Result "1-0"]
[ECO "A14"]
[WhiteElo "2289"]
[BlackElo "1918"]
[Annotator "RC"]
[PlyCount "73"]
[EventDate "2022.07.09"]
[EventType "swiss"]
[EventCountry "POL"]
[SourceTitle "playchess.com"]
[Source "ChessBase"]
[SourceQuality "1"]
[TimeControl "40/5400+30:1800+30"]

1. Nf3 Nf6 2. c4 e6 3. g3 d5 4. Bg2 Be7 5. O-O O-O 6. b3 d4 7. e3 c5 8. exd4 cxd4 9. d3 Nc6 10. Re1 Qc7 11. a3 a5 12. Bf4 Bd6 13. Bxd6 Qxd6 14. Nbd2 Nd7 15. Qc2 f5 16. Ng5 Nc5 17. f4 Bd7 18. Rab1 h6 19. Ngf3 Na6 20. Qb2 Rae8 21. Ne5 g5 22. Ndf3 g4 23. Nh4 Kh7 24. Rbc1 Rd8 25. h3 gxh3 26. Bxh3 Nxe5 27. Rxe5 Nc5 28. Qc2 Bc6 29. Rce1 Rf6 30. b4 axb4 31. axb4 Nd7 32. c5 Qf8 33. Rxe6 Qg8 34. Bxf5+ Kh8 35. Ng6+ Rxg6 36. Rxg6 Qd5 37. Qh2 1-0

[Event "Najdorf Memorial-A 2022"]
[Site "Warsaw"]
[Date "2022.07.09"]
[Round "1.11"]
[White "Michalska, Aleksandra"]
[Black "Shilov, Sergej"]
[Result "1/2-1/2"]
[ECO "B24"]
[WhiteElo "1814"]
[BlackElo "2048"]
[Annotator "NA COMBH"]
[PlyCount "56"]
[EventDate "2022.07.09"]
[EventType "swiss"]
[EventCountry "POL"]
[SourceTitle "playchess.com"]
[Source "ChessBase"]
[SourceQuality "1"]
[TimeControl "40/5400+30:1800+30"]

1. e4 c5 2. Nc3 Nc6 3. Bb5 Nd4 4. Bc4 g6 5. Nge2 Bg7 6. d3 e6 7. O-O Ne7 8. Bb3 Nec6 9. Nxd4 Nxd4 10. Ne2 Nxb3 11. axb3 d5 12. exd5 Qxd5 13. Nc3 Qc6 14. Qg4 O-O 15. Rb1 b6 16. Qh4 Bb7 17. f3 Qd7 18. Ne2 a5 19. Be3 e5 20. Rbd1 f5 21. Bh6 Rfe8 22. Rfe1 a4 23. Bxg7 Kxg7 24. b4 Qc6 25. bxc5 bxc5 26. Nc3 a3 27. Rb1 Qd7 28. bxa3 Rxa3 1/2-1/2

[Event "Najdorf Memorial-A 2022"]
[Site "Warsaw"]
[Date "2022.07.09"]
[Round "1.12"]
[White "Backiel, Hubert"]
[Black "Rejniak, Zuzanna"]
[Result "1/2-1/2"]
[ECO "B90"]
[WhiteElo "2045"]
[BlackElo "1813"]
[Annotator "NA RC"]
[PlyCount "85"]
[EventDate "2022.07.09"]
[EventType "swiss"]
[EventCountry "POL"]
[SourceTitle "playchess.com"]
[Source "ChessBase"]
[SourceQuality "1"]
[TimeControl "40/5400+30:1800+30"]

1. e4 c5 2. Nf3 d6 3. d4 cxd4 4. Nxd4 Nf6 5. Nc3 a6 6. Be3 e5 7. Nb3 Be6 8. Be2 Be7 9. Nd5 Nxd5 10. exd5 Bf5 11. Qd2 Nd7 12. O-O Rc8 13. c4 O-O 14. Na5 Qc7 15. b4 Nf6 16. f3 Qd7 17. Rac1 Bd8 18. Nb3 b6 19. Rfd1 Qa7 20. Kh1 Re8 21. a4 Qa8 22. Ra1 a5 23. c5 bxc5 24. Bb5 cxb4 25. Bxe8 Nxe8 26. Rac1 Bd7 27. Rxc8 Qxc8 28. Rc1 Qa8 29. Qd3 h6 30. f4 exf4 31. Bxf4 Bxa4 32. Nd2 Nf6 33. Qg3 Kh8 34. Nc4 Qxd5 35. Nxd6 Nh5 36. Qg4 Nxf4 37. Qxf4 Kg8 38. h4 Bc6 39. Rxc6 Qxc6 40. Qxf7+ Kh7 41. Qf5+ Kg8 42. Qe6+ Kh7 43. Qf5+ 1/2-1/2

[Event "Najdorf Memorial-A 2022"]
[Site "Warsaw"]
[Date "2022.07.09"]
[Round "1.12"]
[White "Lewandrowski, Tomasz"]
[Black "Mickiewicz, Piotr"]
[Result "1-0"]
[ECO "A45"]
[WhiteElo "1902"]
[BlackElo "2284"]
[Annotator "RC"]
[PlyCount "265"]
[EventDate "2022.07.09"]
[EventType "swiss"]
[EventCountry "POL"]
[SourceTitle "playchess.com"]
[Source "ChessBase"]
[SourceQuality "1"]
[TimeControl "40/5400+30:1800+30"]

1. d4 Nf6 2. Nc3 d5 3. Bf4 a6 4. e3 c5 5. h4 Nc6 6. Qd2 Bf5 7. a3 e6 8. f3 h5 9. Nge2 Rc8 10. Bg5 cxd4 11. Nxd4 Nxd4 12. exd4 Bd6 13. Bd3 Bg3+ 14. Kd1 Bxd3 15. Qxd3 Qc7 16. Ne2 Bd6 17. Bxf6 gxf6 18. c3 Ke7 19. Qe3 Rhg8 20. Qf2 Bg3 21. Qe3 Bd6 22. Qf2 b5 23. f4 f5 24. g3 Rg4 25. Rf1 Rcg8 26. Qe3 Qc4 27. Kc2 a5 28. Rf3 a4 29. Re1 Qb3+ 30. Kc1 Bxa3 31. bxa3 Qxa3+ 32. Kd2 Qa2+ 33. Kd3 Qc4+ 34. Kd2 Qa2+ 35. Kd3 Rc8 36. Qd2 Qb3 37. Ke3 Rgg8 38. Kf2 Rc4 39. Nc1 Qa3 40. Na2 Rgc8 41. Rb1 Rb8 42. Re3 Qd6 43. Rb4 Qc6 44. Qe2 Rh8 45. Rxc4 Qxc4 46. Qxc4 bxc4 47. Re2 Rb8 48. Nb4 Kd6 49. Ra2 Ra8 50. Ke3 Rg8 51. Kf3 Ra8 52. Nc2 Kc6 53. Rb2 f6 54. Na3 Kc7 55. Rb1 Kc6 56. Rb4 Kc7 57. Ke2 Rg8 58. Rxa4 Rxg3 59. Nb1 Rg4 60. Ke3 Rxh4 61. Nd2 Rh1 62. Nf3 Rd1 63. Ke2 Rd3 64. Ra3 Kb6 65. Ne1 Rg3 66. Nf3 Rg2+ 67. Ke3 Kb5 68. Ra1 Rc2 69. Ra3 Rc1 70. Kd2 Rb1 71. Ra8 Rb2+ 72. Ke3 Rc2 73. Ra3 Kb6 74. Ng1 h4 75. Ne2 h3 76. Ra1 Kc6 77. Rh1 Kd7 78. Rxh3 Ke7 79. Rh7+ Ke8 80. Ra7 Kf8 81. Kf2 Rd2 82. Ke1 Rd3 83. Ra1 Rf3 84. Kd2 Rd3+ 85. Ke1 Rf3 86. Ra2 Kf7 87. Ra7+ Kf8 88. Rh7 Ke8 89. Rg7 Rh3 90. Rg3 Rh1+ 91. Kf2 Rd1 92. Re3 Kf7 93. Rh3 Kg7 94. Kg3 Rd2 95. Rh2 Rd3+ 96. Kf2 Rd2 97. Ke1 Ra2 98. Kd1 Ra3 99. Kc2 Ra2+ 100. Kb1 Rd2 101. Kc1 Ra2 102. Kd1 Ra3 103. Rh3 Ra2 104. Rf3 Kg6 105. Nc1 Rb2 106. Re3 Kf7 107. Re2 Rb6 108. Na2 Rb1+ 109. Kd2 Rb2+ 110. Ke3 Rb3 111. Rc2 Rb8 112. Nb4 Rh8 113. Rf2 Ke7 114. Rf3 Rh2 115. Rg3 Kf7 116. Kf3 Rh1 117. Kg2 Rd1 118. Re3 Rb1 119. Na6 Rb6 120. Nc5 Rc6 121. Re2 Ke7 122. Ra2 e5 123. Ra7+ Ke8 124. Ra6 Rxa6 125. Nxa6 Kd7 126. Kf2 Kc6 127. Ke3 Kd6 128. Nb4 Ke6 129. Nc2 Kd6 130. Ne1 exf4+ 131. Kxf4 Kc6 132. Nc2 Kb5 133. Nb4 1-0

[Event "Najdorf Memorial-A 2022"]
[Site "Warsaw"]
[Date "2022.07.09"]
[Round "1.13"]
[White "Sowul, Bartosz"]
[Black "Starosciak, Szymon"]
[Result "0-1"]
[ECO "A12"]
[WhiteElo "2283"]
[BlackElo "1901"]
[Annotator "RC"]
[PlyCount "114"]
[EventDate "2022.07.09"]
[EventType "swiss"]
[EventCountry "POL"]
[SourceTitle "playchess.com"]
[Source "ChessBase"]
[SourceQuality "1"]
[TimeControl "40/5400+30:1800+30"]

1. Nf3 Nf6 2. c4 c6 3. g3 d5 4. b3 Bf5 5. Bg2 e6 6. O-O Bd6 7. Bb2 O-O 8. d3 h6 9. Nbd2 Qe7 10. Re1 Bh7 11. e4 Ba3 12. Qc1 Bxb2 13. Qxb2 Na6 14. Ne5 Rfd8 15. Rad1 dxe4 16. d4 Rd6 17. Nxe4 Bxe4 18. Bxe4 Nxe4 19. Rxe4 Nc5 20. Rf4 Rf8 21. Qa3 Nd7 22. Nxd7 Rxd7 23. Qxa7 Qb4 24. Rf3 Rfd8 25. Rfd3 Kh8 26. a3 Qf8 27. Qa5 Ra8 28. Qb4 Qxb4 29. axb4 Ra6 30. Rc1 Rb6 31. Ra1 Rxb4 32. Ra8+ Kh7 33. Ra4 Rxa4 34. bxa4 c5 35. d5 exd5 36. cxd5 Kg6 37. d6 b6 38. g4 Kf6 39. a5 bxa5 40. Rd5 c4 41. Rxa5 Rxd6 42. Rc5 Rd4 43. f3 Ke6 44. Kf2 Kd6 45. Rc8 Kd5 46. Ke2 h5 47. gxh5 Rh4 48. Ke3 Rxh5 49. Rc7 Re5+ 50. Kd2 Rf5 51. Ke3 Rf6 52. f4 g6 53. Rd7+ Kc5 54. Rb7 Re6+ 55. Kd2 f5 56. Kc3 Re3+ 57. Kd2 Rh3 0-1

[Event "Najdorf Memorial-A 2022"]
[Site "Warsaw"]
[Date "2022.07.09"]
[Round "1.13"]
[White "Rozumek, Krzysztof"]
[Black "Liberadzki, Slawomir"]
[Result "1-0"]
[ECO "A48"]
[WhiteElo "1801"]
[BlackElo "2035"]
[Annotator "NA RC"]
[PlyCount "101"]
[EventDate "2022.07.09"]
[EventType "swiss"]
[EventCountry "POL"]
[SourceTitle "playchess.com"]
[Source "ChessBase"]
[SourceQuality "1"]
[TimeControl "40/5400+30:1800+30"]

1. h3 c5 2. c3 Nf6 3. d4 b6 4. Bf4 Bb7 5. e3 g6 6. Nf3 Bg7 7. Nbd2 O-O 8. Bc4 d6 9. O-O Nc6 10. Qe2 Re8 11. Bh2 e5 12. dxc5 e4 13. Bxd6 exf3 14. Nxf3 Ne4 15. Rfd1 Qf6 16. Bf4 g5 17. Bc7 Nxc5 18. Bb5 Rac8 19. Bh2 Red8 20. Qc2 a6 21. Bc4 Na5 22. Be5 Qg6 23. Qxg6 hxg6 24. Rxd8+ Rxd8 25. Bxg7 Bxf3 26. Bf6 Rd1+ 27. Rxd1 Bxd1 28. Bd5 Nab7 29. b4 Nd7 30. Be7 Nbc5 31. bxc5 Nxc5 32. Bxg5 Kg7 33. Bd8 b5 34. Be7 Na4 35. Bb4 Be2 36. Bb7 Kf6 37. Bxa6 Ke5 38. Bb7 Bc4 39. Bc6 Nb6 40. f4+ Ke6 41. e4 f5 42. exf5+ Kxf5 43. g3 Nd5 44. a4 bxa4 45. Bxa4 Ke4 46. Kf2 Kd3 47. Be8 Nxc3 48. Bxc3 Kxc3 49. Bxg6 Kd4 50. h4 Kd5 51. Bf7+ 1-0

[Event "Najdorf Memorial-A 2022"]
[Site "Warsaw"]
[Date "2022.07.09"]
[Round "1.14"]
[White "Goraj, Barbara"]
[Black "Szwaj, Justyna"]
[Result "1-0"]
[ECO "A09"]
[WhiteElo "2035"]
[BlackElo "1797"]
[Annotator "NA RC"]
[PlyCount "43"]
[EventDate "2022.07.09"]
[EventType "swiss"]
[EventCountry "POL"]
[SourceTitle "playchess.com"]
[Source "ChessBase"]
[SourceQuality "1"]
[TimeControl "40/5400+30:1800+30"]

1. Nf3 d5 2. c4 d4 3. b4 Bg4 4. Qb3 Nf6 5. Bb2 Bxf3 6. Qxf3 Nc6 7. b5 Na5 8. e3 d3 9. Bc3 Nxc4 10. Qxb7 Qd5 11. Qxd5 Nxd5 12. Bxd3 Nxc3 13. Nxc3 Ne5 14. Be4 O-O-O 15. Ke2 e6 16. d4 Nc4 17. Bd3 Bb4 18. Rhc1 Nb6 19. a4 Ba5 20. Ne4 Rhe8 21. Nc5 e5 22. Bf5+ 1-0

[Event "Najdorf Memorial-A 2022"]
[Site "Warsaw"]
[Date "2022.07.09"]
[Round "1.14"]
[White "Lasota, Adam"]
[Black "Fiszer, Bartosz"]
[Result "0-1"]
[ECO "A45"]
[WhiteElo "1892"]
[BlackElo "2228"]
[Annotator "RC"]
[PlyCount "144"]
[EventDate "2022.07.09"]
[EventType "swiss"]
[EventCountry "POL"]
[SourceTitle "playchess.com"]
[Source "ChessBase"]
[SourceQuality "1"]
[TimeControl "40/5400+30:1800+30"]

1. d4 Nf6 2. Bf4 g6 3. e3 Bg7 4. Be2 d6 5. h3 c5 6. c3 O-O 7. Nf3 b6 8. O-O Bb7 9. a4 Nbd7 10. Nbd2 Re8 11. Bh2 Qc7 12. Re1 Rad8 13. Qb1 e5 14. Rc1 Qb8 15. Qa2 Qa8 16. Bf1 Ne4 17. Nxe4 Bxe4 18. Nd2 Bd5 19. c4 Bb7 20. d5 a5 21. Ne4 Qb8 22. Qb3 h6 23. Nc3 f5 24. Be2 Ba6 25. f3 Bf6 26. Qc2 Bg5 27. Kf2 Rf8 28. g4 Rde8 29. gxf5 gxf5 30. Rg1 Kh8 31. Rg2 Bh4+ 32. Kg1 Bg5 33. f4 exf4 34. Bxf4 Rxe3 35. Bxg5 hxg5 36. Rxg5 Rxh3 37. Kg2 Qd8 38. Rxf5 Qh4 39. Rh5+ Qxh5 40. Bxh5 Rxh5 41. Ne4 Ne5 42. Ng3 Rg8 43. Qe2 Rh4 44. b3 Bc8 45. Qf2 Bh3+ 46. Kg1 Rxg3+ 47. Qxg3 Rg4 48. Qxg4 Bxg4 49. Kf2 Kg7 50. Ke3 Bf5 51. Rg1+ Bg6 52. Rg2 Kf6 53. Kd2 Nf3+ 54. Kc3 Nd4 55. Rh2 Ke5 56. Rh8 Bc2 57. Re8+ Kf6 58. Rb8 Bxb3 59. Rxb6 Ke5 60. Ra6 Bxa4 61. Rxa5 Bd7 62. Ra7 Bg4 63. Re7+ Kf4 64. Re8 Ne2+ 65. Kd3 Ng3 66. Rd8 Bf5+ 67. Kc3 Ke3 68. Rh8 Ne4+ 69. Kb3 Kd3 70. Rh5 Nd2+ 71. Ka2 Be4 72. Rh6 Nxc4 0-1

[Event "Najdorf Memorial-A 2022"]
[Site "Warsaw"]
[Date "2022.07.09"]
[Round "1.15"]
[White "Golecki, Jan"]
[Black "Wolski, Jaroslaw"]
[Result "1-0"]
[ECO "C77"]
[WhiteElo "2219"]
[BlackElo "1889"]
[Annotator "RC"]
[PlyCount "63"]
[EventDate "2022.07.09"]
[EventType "swiss"]
[EventCountry "POL"]
[SourceTitle "playchess.com"]
[Source "ChessBase"]
[SourceQuality "1"]
[TimeControl "40/5400+30:1800+30"]

1. e4 e5 2. Nf3 Nc6 3. Bb5 a6 4. Ba4 Nf6 5. d3 d6 6. c3 Be7 7. Nbd2 b5 8. Bc2 O-O 9. O-O h6 10. Re1 Re8 11. Nf1 Bf8 12. a4 Bd7 13. Ng3 g6 14. d4 Bg7 15. h3 Qc8 16. Be3 exd4 17. cxd4 Nb4 18. Bb1 c5 19. axb5 Bxb5 20. Qd2 Kh7 21. Rc1 Nd7 22. dxc5 dxc5 23. Bxc5 Nxc5 24. Qxb4 Bf8 25. Qa3 Qd7 26. Rxc5 Qd1+ 27. Kh2 Rac8 28. b4 Rxc5 29. bxc5 Rc8 30. e5 Qd7 31. Ne4 Qb7 32. Nd6 1-0

[Event "Najdorf Memorial-A 2022"]
[Site "Warsaw"]
[Date "2022.07.09"]
[Round "1.15"]
[White "Skrzypczynski, Kacper"]
[Black "Zdybel, Przemyslaw"]
[Result "1/2-1/2"]
[ECO "A45"]
[WhiteElo "1793"]
[BlackElo "2026"]
[Annotator "NA RC"]
[PlyCount "70"]
[EventDate "2022.07.09"]
[EventType "swiss"]
[EventCountry "POL"]
[SourceTitle "playchess.com"]
[Source "ChessBase"]
[SourceQuality "1"]
[TimeControl "40/5400+30:1800+30"]

1. d4 Nf6 2. Bg5 d5 3. e3 c5 4. Nf3 Nc6 5. c3 Bf5 6. Nh4 Bg6 7. Nxg6 hxg6 8. Bxf6 gxf6 9. dxc5 e6 10. b4 a5 11. Bb5 f5 12. a3 Bg7 13. Bxc6+ bxc6 14. Ra2 g5 15. Qe2 g4 16. c4 Qb8 17. b5 Rxh2 18. Rxh2 Qxh2 19. cxd5 exd5 20. Qd3 Qh1+ 21. Ke2 g3 22. Qxf5 Qxg2 23. a4 Qh2 24. Qf4 Qh5+ 25. Qf3 Qg6 26. Qxg3 Qxb1 27. Qxg7 Qxa2+ 28. Kf3 O-O-O 29. Qf6 Rd7 30. Qxc6+ Kd8 31. Qf6+ Re7 32. Qd6+ Ke8 33. Qb8+ Kd7 34. Qd6+ Ke8 35. Qb8+ Kd7 1/2-1/2

[Event "Najdorf Memorial-A 2022"]
[Site "Warsaw"]
[Date "2022.07.09"]
[Round "1.16"]
[White "Gorkiewicz, Mateusz"]
[Black "Adamski, Adam"]
[Result "1/2-1/2"]
[ECO "B53"]
[WhiteElo "2023"]
[BlackElo "1784"]
[Annotator "NA RC"]
[PlyCount "88"]
[EventDate "2022.07.09"]
[EventType "swiss"]
[EventCountry "POL"]
[SourceTitle "playchess.com"]
[Source "ChessBase"]
[SourceQuality "1"]
[TimeControl "40/5400+30:1800+30"]

1. e4 c5 2. Nf3 d6 3. d4 cxd4 4. Qxd4 a6 5. c4 Nc6 6. Qe3 g6 7. Be2 Bg7 8. O-O Nf6 9. h3 O-O 10. Nc3 Nd7 11. Rb1 Qb6 12. Qxb6 Nxb6 13. Nd5 Nxd5 14. cxd5 Nd4 15. Nxd4 Bxd4 16. Bh6 Rd8 17. Rfc1 Bd7 18. Rc7 Rab8 19. Be3 Bxe3 20. fxe3 Kf8 21. Kf2 h5 22. Ke1 Ke8 23. Kd2 Rdc8 24. Rxc8+ Rxc8 25. g4 hxg4 26. hxg4 g5 27. Rh1 f6 28. Rh7 Kf8 29. Bf3 Ke8 30. b3 Kd8 31. e5 fxe5 32. Rg7 Ke8 33. Rxg5 Kf7 34. Be4 Rh8 35. Rh5 Rxh5 36. gxh5 Kg7 37. Bf3 Kh6 38. Kc3 Be8 39. Bg4 a5 40. a4 Kg5 41. h6 Kxh6 42. Kc4 Kg5 43. Bc8 b6 44. Bb7 Kf5 1/2-1/2

[Event "Najdorf Memorial-A 2022"]
[Site "Warsaw"]
[Date "2022.07.09"]
[Round "1.16"]
[White "Lee, Hyuk"]
[Black "Markiewicz, Jerzy"]
[Result "1/2-1/2"]
[ECO "A45"]
[WhiteElo "1880"]
[BlackElo "2205"]
[Annotator "RC"]
[PlyCount "41"]
[EventDate "2022.07.09"]
[EventType "swiss"]
[EventCountry "POL"]
[SourceTitle "playchess.com"]
[Source "ChessBase"]
[SourceQuality "1"]
[TimeControl "40/5400+30:1800+30"]

1. d4 Nf6 2. Bf4 d5 3. e3 c5 4. c3 Nc6 5. Nd2 e6 6. Ngf3 Bd6 7. Bg3 O-O 8. Bd3 b6 9. Qe2 Bb7 10. Rd1 Qe7 11. Ne5 Bxe5 12. dxe5 Nd7 13. f4 f6 14. exf6 Nxf6 15. e4 dxe4 16. Nxe4 Nxe4 17. Bxe4 Rae8 18. O-O Na5 19. Rde1 Bxe4 20. Qxe4 Qb7 21. Qxb7 1/2-1/2

[Event "Najdorf Memorial-A 2022"]
[Site "Warsaw"]
[Date "2022.07.09"]
[Round "1.17"]
[White "Padalka, Artem"]
[Black "Celinski, Kamil"]
[Result "1-0"]
[ECO "A05"]
[WhiteElo "2204"]
[BlackElo "1876"]
[Annotator "RC"]
[PlyCount "115"]
[EventDate "2022.07.09"]
[EventType "swiss"]
[EventCountry "POL"]
[SourceTitle "playchess.com"]
[Source "ChessBase"]
[SourceQuality "1"]
[TimeControl "40/5400+30:1800+30"]

1. Nf3 Nf6 2. c4 g6 3. g3 Bg7 4. Bg2 O-O 5. O-O c5 6. Nc3 d5 7. d3 Nc6 8. Bg5 dxc4 9. dxc4 Be6 10. Bxf6 Bxf6 11. Nd5 Bxb2 12. Rb1 Bg7 13. Rxb7 Bxd5 14. Qxd5 Qxd5 15. cxd5 Nb4 16. Nd2 Rfd8 17. Nb3 Nxd5 18. Nxc5 e6 19. Ne4 a5 20. Ng5 Nc3 21. Rxf7 Ra6 22. Bh3 Rd5 23. f4 h6 24. Rxg7+ Kxg7 25. Nxe6+ Kf6 26. Nc7 Rad6 27. Nxd5+ Rxd5 28. Kf2 Rd2 29. Bg4 Rxa2 30. Rc1 Ra3 31. Bf3 a4 32. Ke1 Rb3 33. Kd2 Nb1+ 34. Kc2 Na3+ 35. Kd1 Nb5 36. Rc6+ Kg7 37. Kd2 Rb2+ 38. Kc1 a3 39. Ra6 Rb4 40. Bd5 Nc3 41. Ra7+ Kf8 42. e4 Nxe4 43. Rxa3 Rd4 44. Ba2 Nd6 45. Ra7 Nf5 46. Rf7+ Ke8 47. Rf6 Re4 48. Rxg6 Re1+ 49. Kd2 Rh1 50. Re6+ Kd7 51. Re2 Nd4 52. Bd5 Rb1 53. Re5 Kd6 54. Be4 h5 55. Bxb1 Nf3+ 56. Ke3 Nxe5 57. fxe5+ Kxe5 58. h4 1-0

[Event "Najdorf Memorial-A 2022"]
[Site "Warsaw"]
[Date "2022.07.09"]
[Round "1.17"]
[White "Staniak, Mariusz"]
[Black "Maslanka, Wojciech"]
[Result "0-1"]
[ECO "A01"]
[WhiteElo "1777"]
[BlackElo "2000"]
[Annotator "NA RC"]
[PlyCount "68"]
[EventDate "2022.07.09"]
[EventType "swiss"]
[EventCountry "POL"]
[SourceTitle "playchess.com"]
[Source "ChessBase"]
[SourceQuality "1"]
[TimeControl "40/5400+30:1800+30"]

1. b3 e5 2. Bb2 Nc6 3. e3 Nf6 4. Bb5 d6 5. Ne2 a6 6. Bxc6+ bxc6 7. O-O Be7 8. f4 e4 9. d3 O-O 10. Nbc3 exd3 11. cxd3 d5 12. Rc1 Bc5 13. Nd4 Ng4 14. Qd2 Bxd4 15. exd4 Qf6 16. Nd1 Re8 17. h3 Nh6 18. Ne3 Bd7 19. Rce1 a5 20. a3 Re7 21. Ng4 Bxg4 22. Rxe7 Qxe7 23. hxg4 Nxg4 24. f5 Re8 25. Bc1 Qh4 26. Qf4 Re1 27. Rxe1 Qxe1+ 28. Qf1 Qc3 29. Qf4 h5 30. Bd2 Qxb3 31. Bxa5 Qxa3 32. Bxc7 Qa1+ 33. Qf1 Qxd4+ 34. Kh1 Qxd3 0-1

[Event "Najdorf Memorial-A 2022"]
[Site "Warsaw"]
[Date "2022.07.09"]
[Round "1.18"]
[White "Kulpa, Zuzanna"]
[Black "Basiaga, Sebastian"]
[Result "1/2-1/2"]
[ECO "D43"]
[WhiteElo "1985"]
[BlackElo "1770"]
[Annotator "NA COMBH"]
[PlyCount "59"]
[EventDate "2022.07.09"]
[EventType "swiss"]
[EventCountry "POL"]
[SourceTitle "playchess.com"]
[Source "ChessBase"]
[SourceQuality "1"]
[TimeControl "40/5400+30:1800+30"]

1. d4 d5 2. c4 c6 3. Nf3 Nf6 4. Nc3 e6 5. Bg5 Be7 6. e3 Nbd7 7. c5 h6 8. Bf4 O-O 9. Bd3 b6 10. b4 a5 11. a3 Nh5 12. Be5 Nhf6 13. O-O Nxe5 14. Nxe5 Bd7 15. Qc2 b5 16. f4 Qc7 17. g4 Be8 18. Qg2 Nd7 19. Qh3 f6 20. Ng6 Bxg6 21. Bxg6 Rfb8 22. Qh5 Nf8 23. h4 Nxg6 24. Qxg6 Bf8 25. Ne2 Qf7 26. Qc2 Qb7 27. g5 f5 28. Ng3 hxg5 29. hxg5 g6 30. Qc3 1/2-1/2

[Event "Najdorf Memorial-A 2022"]
[Site "Warsaw"]
[Date "2022.07.09"]
[Round "1.19"]
[White "Kotowicz, Kamil"]
[Black "Harazinska, Magdalena"]
[Result "1-0"]
[ECO "D02"]
[WhiteElo "1770"]
[BlackElo "1976"]
[Annotator "NA RC"]
[PlyCount "115"]
[EventDate "2022.07.09"]
[EventType "swiss"]
[EventCountry "POL"]
[SourceTitle "playchess.com"]
[Source "ChessBase"]
[SourceQuality "1"]
[TimeControl "40/5400+30:1800+30"]

1. d4 d5 2. Nf3 Nf6 3. Bf4 c5 4. e3 Nc6 5. c3 Qb6 6. Qb3 c4 7. Qxb6 axb6 8. Na3 Bf5 9. Nb5 Ra5 10. a4 Bc2 11. Ne5 Nxe5 12. dxe5 Nh5 13. Be2 Nxf4 14. exf4 e6 15. Bd1 Bxd1 16. Kxd1 Bc5 17. f3 Ke7 18. Kc2 f5 19. b4 cxb3+ 20. Kxb3 h5 21. Rhd1 Be3 22. g3 h4 23. Rd3 Bc5 24. g4 Rf8 25. g5 h3 26. Nd4 Rfa8 27. Ra2 Bxd4 28. cxd4 b5 29. Rc2 bxa4+ 30. Ka3 Rd8 31. g6 Raa8 32. Rdc3 b5 33. Rc5 Rab8 34. Kb4 Rd7 35. Rxb5 Rxb5+ 36. Kxb5 a3 37. Ra2 Ra7 38. Kb4 Kd7 39. Rxa3 Rb7+ 40. Kc5 Rc7+ 41. Kb6 Rc6+ 42. Kb5 Rc2 43. Ra7+ Ke8 44. Rxg7 Rxh2 45. Rh7 Kf8 46. Kc5 Rg2 47. Rxh3 Rxg6 48. Kd6 Kg8 49. Rh5 Kf8 50. Rh7 Rg3 51. Kxe6 Rxf3 52. Kxf5 Rd3 53. e6 Rxd4 54. e7+ Ke8 55. Ke6 Re4+ 56. Kd6 d4 57. Rh8+ Kf7 58. Rf8+ 1-0

[Event "Najdorf Memorial-A 2022"]
[Site "Warsaw"]
[Date "2022.07.10"]
[Round "2.1"]
[White "Praczukowski, Stanislaw"]
[Black "Noe, Christopher"]
[Result "0-1"]
[ECO "D37"]
[WhiteElo "2055"]
[BlackElo "2505"]
[Annotator "TA"]
[PlyCount "46"]
[EventDate "2022.07.09"]
[EventType "swiss"]
[EventCountry "POL"]
[SourceTitle "playchess.com"]
[Source "ChessBase"]
[SourceQuality "1"]
[TimeControl "40/5400+30:1800+30"]

1. d4 Nf6 2. c4 e6 3. Nf3 d5 4. Nc3 dxc4 5. e3 a6 6. a4 c5 7. Bxc4 Nc6 8. O-O cxd4 9. exd4 Nb4 10. Bg5 Be7 11. Ne5 O-O 12. Re1 Nfd5 {[%emt 0:32:32][%cal Bf6d5,Bd5e7,Be7f5][%mdl 32] D27: Queen's Gambit Accepted: Classical main line: 7 e4!? and 7 a4.} 13. Bxe7 (13. Nxd5 {seems wilder.} exd5 14. Bxe7 Qxe7 15. Ng6) 13... Nxe7 14. Qd2 b6 {[%emt 0:11:11] [#] The position is equal.} 15. Ne4 $146 ({Predecessor:} 15. Rad1 Qc7 16. Rc1 Qd8 17. Ne2 Ned5 18. Nf4 Bb7 19. Nxd5 Nxd5 20. Bxd5 Qxd5 21. Nf3 {0-1 (53) De Souza,C (1757)-Sekula,M (2016) Sao Bento do Sul 2013}) 15... a5 16. Ra3 Nf5 17. Rd1 Bb7 18. Ng5 {[%emt 0:11:01] [#] Black must now prevent Nexf7.} Bd5 19. Rh3 (19. Bxd5 $15 Qxd5 20. Ngf3) 19... h6 $17 20. Ngf3 Rc8 $40 {[%emt 0:10:59][%cal Ba8c8,Bc8c2,Bc2b2][%mdl 160] Black has strong attack.} 21. Bxd5 {[%emt 0:00:51] [#]} (21. b3 $17 {was necessary.}) 21... Rc2 $1 $19 ({Don't take} 21... exd5 22. Qf4 Nd6 23. Ng4 $16) ({Worse is} 21... Qxd5 22. g4 Ne7 23. g5 $15) (21... Nxd5 22. Re1 $17) 22. Qf4 (22. Qe1 Nxd5 23. Nd3) 22... Nxd5 ({Weaker is} 22... Qxd5 23. g4 Nd6 24. g5 $11) 23. Qe4 Rxb2 {[%emt 0:01:55] White got outplayed after the opening.  Weighted Error Value: White=0.36/Black=0.02 (flawless)} 0-1

[Event "Najdorf Memorial-A 2022"]
[Site "Warsaw"]
[Date "2022.07.10"]
[Round "2.1"]
[White "Pesko, Tomasz"]
[Black "Danielyan, Vahe"]
[Result "0-1"]
[ECO "D02"]
[WhiteElo "1830"]
[BlackElo "2295"]
[Annotator "RC"]
[PlyCount "62"]
[EventDate "2022.07.09"]
[EventType "swiss"]
[EventCountry "POL"]
[SourceTitle "playchess.com"]
[Source "ChessBase"]
[SourceQuality "1"]
[TimeControl "40/5400+30:1800+30"]

1. d4 Nf6 2. Bf4 d5 3. Nf3 c5 4. e3 cxd4 5. exd4 Nc6 6. c3 g6 7. Be2 Bg7 8. O-O O-O 9. Nbd2 Bf5 10. Ne5 Nd7 11. Ndf3 Ndxe5 12. dxe5 Be4 13. Qd2 Qb6 14. Rfe1 Rad8 15. Rad1 e6 16. Bg5 f6 17. exf6 Bxf6 18. Be3 Qc7 19. Ng5 Bxg5 20. Bxg5 Rxf2 21. Kxf2 Qxh2 22. Bf3 Rf8 23. Ke3 Ne5 24. Be2 Qg3+ 25. Kd4 Nc6+ 26. Kc5 Qc7 27. Rf1 Qb6+ 28. Kd6 Nb8+ 29. Ke7 Qc7+ 30. Kxe6 Qd7+ 31. Ke5 Nc6# 0-1

[Event "Najdorf Memorial-A 2022"]
[Site "Warsaw"]
[Date "2022.07.10"]
[Round "2.2"]
[White "Jarmula, Lukasz"]
[Black "Goraj, Barbara"]
[Result "1-0"]
[ECO "B31"]
[WhiteElo "2452"]
[BlackElo "2035"]
[Annotator "RC"]
[PlyCount "167"]
[EventDate "2022.07.09"]
[EventType "swiss"]
[EventCountry "POL"]
[SourceTitle "playchess.com"]
[Source "ChessBase"]
[SourceQuality "1"]
[TimeControl "40/5400+30:1800+30"]

1. e4 c5 2. Nf3 Nc6 3. Bb5 g6 4. O-O Bg7 5. Re1 e5 6. Bxc6 dxc6 7. d3 Qc7 8. a3 a5 9. Be3 b6 10. Nbd2 Nf6 11. Nc4 Nd7 12. Qc1 h6 13. a4 Nf8 14. b4 b5 15. axb5 cxb5 16. Na3 cxb4 17. Nxb5 Qd7 18. c4 Ne6 19. Qb2 f6 20. d4 exd4 21. Nfxd4 Nxd4 22. Bxd4 O-O 23. Bc5 Re8 24. Bxb4 Bb7 25. Bc3 Bxe4 26. f3 Bd3 27. Red1 Rad8 28. Bxf6 Bxf6 29. Qxf6 Qg7 30. Qxg7+ Kxg7 31. Nc7 Re5 32. f4 Re4 33. Rxa5 Rd7 34. Ra7 Kf7 35. c5 Ree7 36. Ra5 Rxc7 37. Rxd3 Re1+ 38. Kf2 Rc1 39. Rd5 Rc2+ 40. Kf3 Rc3+ 41. Kg4 Rc2 42. Kh3 Rc3+ 43. g3 Rc2 44. f5 g5 45. Ra6 R2xc5 46. Rxc5 Rxc5 47. Kg4 Kg7 48. Rg6+ Kh7 49. Kh5 Rxf5 50. Rxh6+ Kg7 51. Rg6+ Kh7 52. Rxg5 Rf2 53. h4 Rf3 54. g4 Rf6 55. Ra5 Rf7 56. g5 Kg7 57. Kg4 Rc7 58. Rf5 Rc1 59. Rf3 Rg1+ 60. Rg3 Ra1 61. Rb3 Ra4+ 62. Kh5 Ra7 63. Rb4 Rc7 64. Kg4 Ra7 65. h5 Rc7 66. h6+ Kh7 67. Kh5 Rc5 68. Rb7+ Kg8 69. Re7 Rc1 70. Kg6 Rc6+ 71. Kf5 Rc1 72. Kf6 Rf1+ 73. Kg6 Rf8 74. Re6 Rb8 75. Kf5 Rb1 76. Re8+ Kh7 77. Re7+ Kg8 78. Re4 Rf1+ 79. Rf4 Ra1 80. g6 Ra5+ 81. Kg4 Ra8 82. Kg5 Ra5+ 83. Rf5 Ra8 84. h7+ 1-0